 Dungeon Crawl Stone Soup version 0.25.1-8-g42b30a86e7 (webtiles) character file.

Game seed: 11401002645413634912

277 Gabide the Poker (level 6, 0/48 HPs)
             Began as a Human Abyssal Knight on Dec 11, 2020.
             Was a Believer of Lugonu.
             Succumbed to Crazy Yiuf's poison
             ... on level 3 of the Dungeon.
             The game lasted 00:06:12 (2656 turns).

Gabide the Poker (Human Abyssal Knight)             Turns: 2656, Time: 00:06:13

Health: 0/48       AC: 10    Str: 15    XL:     6   Next: 50%
Magic:  6/7        EV:  7    Int: 12    God:    Lugonu [**....]
Gold:   120        SH:  0    Dex: 12    Spells: 5/5 levels left

rFire    . . .     SeeInvis .   l - +0 scythe
rCold    . . .     Gourm    .   (shield currently unavailable)
rNeg     . . .     Faith    .   g - +1 chain mail
rPois    .         Spirit   .   (no helmet)
rElec    .         Reflect  .   (no cloak)
rCorr    .         Harm     .   (no gloves)
MR       .....                  (no boots)
Stlth    ..........             (no amulet)
HPRegen  0.16/turn              (no ring)
MPRegen  0.10/turn              (no ring)

@: lethally poisoned (0 -> -34), stab, very slightly contaminated, invisible
A: no striking features
a: Depart the Abyss, Bend Space, Renounce Religion


You were on level 3 of the Dungeon.
You worshipped Lugonu.
Lugonu was pleased with you.
You were not hungry.

You visited 1 branch of the dungeon, and saw 3 of its levels.
You visited the Abyss 1 time.

You collected 120 gold pieces.

Inventory:

Hand Weapons
 a - a +2 spear
 l - a +0 scythe (weapon)
Missiles
 e - 5 atropa-tipped darts (quivered)
 o - 20 poisoned darts
Armour
 g - a +1 chain mail (worn)
Wands
 p - a wand of iceblast (5)
Scrolls
 h - 4 scrolls of enchant weapon
 i - a scroll of remove curse
Potions
 f - a potion of resistance {unknown}
 j - a potion of ambrosia {unknown}
 k - 2 potions of haste {unknown}
 n - a potion of invisibility {unknown}
Comestibles
 c - 4 rations


   Skills:
 + Level 3.8 Fighting
 * Level 5.3 Polearms
 + Level 2.8 Armour
 + Level 1.3 Dodging
 + Level 2.1 Invocations


You had 5 spell levels left.
You didn't know any spells.
Your spell library was empty.

Dungeon Overview and Level Annotations

Branches:
Dungeon (3/15)

Altars:
Cheibriados
Makhleb
Wu Jian

Annotations:
D:2 2 transporters
D:3 Crazy Yiuf


Message History

You feel sick.
Crazy Yiuf seems less confused.
Crazy Yiuf hits you with a +4 quarterstaff of chaos.
You fade into invisibility!
You are very lightly contaminated with residual magic.
Your chain mail prevents you from hitting Crazy Yiuf.
Crazy Yiuf is almost dead.
You feel sick.
Crazy Yiuf is no longer blind.
Crazy Yiuf hits you with a +4 quarterstaff of chaos.
* * * LOW HITPOINT WARNING * * *
You are more poisoned.
Crazy Yiuf completely misses you.
It was a potion of stabbing.
You feel ready to backstab.
* * * LOW HITPOINT WARNING * * *
You feel sick.
Crazy Yiuf hits you with a +4 quarterstaff of chaos.
* * * LOW HITPOINT WARNING * * *
You are more poisoned.
Space bends around you!
You blink.
You die...

###......##..
#####
#...##.##.#
#)..#
#####.##....#
#...#
#............
*...*
##########...
*#g#* #.##
##.. ♣§♣♣
#..# ##. ♣♣.♣
##.#########.
♣@♣♣
#.##.....#..
♣♣.♣
#.##.......#
♣♣.♣♣
#.##......##
♣♣...♣
#.##......##
♣....♣
#.##.....###
#....#
#.##........
#....#
#.##........
#...##
#.##........
##.##
#.##........


You could see Crazy Yiuf.

Vanquished Creatures
  Sigmund (D:2)
  Ijyb (D:3)
  2 adders (D:2)
  An ooze (D:3)
  2 worms (D:3)
  A dart slug (D:3)
  A leopard gecko (D:3)
  An orc (D:3)
  10 bats
  A giant cockroach (D:3)
  15 goblins
  8 hobgoblins
  3 jackals (D:2)
  9 kobolds
  A quokka (D:2)
  3 frilled lizards
  5 rats
65 creatures vanquished.

Notes
Turn   | Place    | Note
-------+----------+-------------------------------------------
     0 | Abyss:1  | Gabide the Human Abyssal Knight began the quest for the
                  | Orb.
     0 | Abyss:1  | Reached XP level 1. HP: 18/18 MP: 2/2
    48 | Abyss:1  | Noticed a neqoxec
    49 | D:1      | Escaped the Abyss
   124 | D:1      | Reached * piety under Lugonu
   146 | D:1      | Reached XP level 2. HP: 24/24 MP: 3/3
   368 | D:1      | Reached XP level 3. HP: 29/29 MP: 4/4
   852 | D:2      | Reached skill level 3 in Polearms
  1048 | D:2      | Found a transporter.
  1058 | D:2      | Found a transporter.
  1061 | D:2      | Noticed a hungry ghost
  1062 | D:2      | Found a burning altar of Makhleb.
  1152 | D:2      | Noticed Sigmund
  1172 | D:2      | Killed Sigmund
  1172 | D:2      | Reached skill level 4 in Polearms
  1172 | D:2      | Reached XP level 4. HP: 31/37 MP: 5/5
  1172 | D:2      | Reached XP level 5. HP: 36/42 MP: 6/6
  1172 | D:2      | Reached XP level 6. HP: 41/48 MP: 7/7
  1270 | D:2      | Reached ** piety under Lugonu
  1722 | D:3      | Found a snail-covered altar of Cheibriados.
  1723 | D:3      | Found an ornate altar of the Wu Jian Council.
  1817 | D:3      | Noticed Ijyb
  1828 | D:3      | Killed Ijyb
  1828 | D:3      | Reached skill level 5 in Polearms
  2644 | D:3      | Found a runed translucent door.
  2645 | D:3      | Noticed Crazy Yiuf
  2656 | D:3      | Succumbed to Crazy Yiuf's poison

Illustrated notes

Levels and vault maps discovered:
D:1:      dpeg_arrival_round_c, layout_loops_ring, minmay_misc_feat_room
D:2:      layout_basic, gammafunk_temple_overflow_arena, first_ration,
          uniq_sigmund
D:3:      layout_rooms, gammafunk_temple_overflow_pools,
          uniq_crazy_yiuf_cottage, uniq_ijyb

Skill      XL: |  1  2  3  4  5  6 |
---------------+-------------------+-----
Polearms       | 4 5 |  5.3
Fighting       | |  3.8
Armour         | |  2.8
Dodging        | |  1.3
Invocations    | |  2.1

Action                   |  1- 3 |  4- 6 || total
-------------------------+-------+-------++-------
Melee: Spear             |   112 |       ||   112
       Scythe            |       |   103 ||   103
Throw: Dart              |     2 |    26 ||    28
Invok: Depart the Abyss  |     1 |       ||     1
       Bend Space        |       |    10 ||    10
  Use: Scroll            |     7 |     2 ||     9
       Potion            |       |     2 ||     2
  Eat: Chunk             |     1 |     2 ||     3
       Ration            |       |     1 ||     1
Armor: Leather armour    |     5 |       ||     5
       Chain mail        |    31 |   110 ||   141
Dodge: Dodged            |    22 |    63 ||    85
